 Dungeon Crawl Stone Soup version 0.27-a0-660-g90476cec82 (webtiles) character file.

Game seed: 10674267673922648608

2 theanonym the Vexing (level 1, -2/13 HPs)
             Began as a Mummy Enchanter on Mar 17, 2021.
             Slain by a goblin
             ... wielding a +0 dagger
              (4 damage)
             ... on level 1 of the Dungeon.
             The game lasted 00:00:08 (52 turns).

theanonym the Vexing (Mummy Enchanter)                Turns: 52, Time: 00:00:08

Health: -2/13      AC:  2    Str: 11    XL:     1   Next: 33%
Magic:  4/4        EV: 12    Int: 14    God:
Gold:   0          SH:  0    Dex: 12    Spells: 4/5 levels left

rFire    x . .     SeeInvis .   a - +1 dagger
rCold    + . .     Faith    .   (no shield)
rNeg     + + +     Spirit   .   b - +0 robe
rPois    ∞         Reflect  .   (no helmet)
rElec    .         Harm     .   (no cloak)
rCorr    .         Rampage  .   (no gloves)
Will     .....                  (no boots)
Stlth    ++........             (no amulet)
HPRegen  0.04/turn              (no ring)
MPRegen  0.09/turn              (no ring)

@: no status effects
A: cold resistance 1, negative energy resistance 3, torment resistance 2,
unbreathing 1, heat vulnerability 1, no potions
a: no special abilities


Innate Abilities, Weirdness & Mutations

You are immune to poison.
Your flesh is cold resistant. (rC+)
You are immune to negative energy. (rN+++)
You are immune to unholy pain and torment.
You can survive without breathing.
You are vulnerable to heat. (rF-)
You do not drink.


   Skills:
 + Level 1.1 Short Blades
 - Level 1.5 Dodging
 - Level 2.4 Stealth
 - Level 2.6 Spellcasting
 - Level 2.6 Hexes


You had 4 spell levels left.
You knew the following spells:

 Your Spells              Type           Power      Damage    Failure   Level
a - Corona                Hex            10%        N/A       8%          1

Your spell library contained the following spells:

 Spells                   Type           Power      Damage    Failure   Level
 Ensorcelled Hibernation  Hex/Ice        10%        N/A       19%         2
 Confusing Touch          Hex            9%         N/A       22%         3
 Tukima's Dance           Hex            9%         N/A       22%         3
 Dazzling Flash           Conj/Hex       10%        N/A       36%         3

Skill      XL: |  1 |
---------------+----+-----
Short Blades   | 1 |  1.1
Dodging        | |  1.5
Stealth        | |  2.4
Spellcasting   | |  2.6
Hexes          | |  2.6

Action                   || total
-------------------------++-------
Melee: Dagger            ||     5
Dodge: Dodged            ||     3

Inventory:

Hand Weapons
 a - a +1 dagger (weapon)
Armour
 b - a +0 robe (worn)


You were on level 1 of the Dungeon.
You visited 1 branch of the dungeon, and saw 1 of its levels.

Dungeon Overview and Level Annotations

Branches:
Dungeon (1/15)

Altars:

###...### #D#...#D#
###..####### #X#..#≈#
#.. ###..### #.#
#≈#..#D# #.##
####.### #... ......
#^#.#D# #.#.##......
###.#####@#.........
#X#..#^##g#........
####.####B#......#
#D#.#D##B#..!...#
###.####.##.....#
#^#.#X##.##b....#
#####.####........#
#^#...#X##.##.B...#
###.######.###......$


You could see 2 giant cockroaches and a goblin.

Notes
Turn   | Place    | Note
-------+----------+-------------------------------------------
     0 | D:1      | theanonym the Mummy Enchanter began the quest for the Orb.
     0 | D:1      | Reached XP level 1. HP: 13/13 MP: 4/4
     0 | D:1      | Noticed a shadow dragon
     0 | D:1      | Noticed an orb of fire
     1 | D:1      | Noticed a red draconian
     2 | D:1      | Noticed a red draconian
     4 | D:1      | Noticed a shadow dragon
     4 | D:1      | Noticed a shadow dragon
     6 | D:1      | Noticed a tentacled monstrosity
     9 | D:1      | Noticed an iron dragon
    11 | D:1      | Noticed a shadow dragon
    13 | D:1      | Noticed a large abomination
    15 | D:1      | Noticed an ice dragon
    15 | D:1      | Noticed a golden dragon
    17 | D:1      | Noticed a tentacled monstrosity
    19 | D:1      | Noticed a large abomination
    19 | D:1      | Noticed a large abomination
    40 | D:1      | Reached skill level 1 in Short Blades
    45 | D:1      | HP: 6/13 [giant cockroach (1)]
    50 | D:1      | HP: 2/13 [goblin/+0 dagger (5)]
    52 | D:1      | Slain by a goblin

Vanquished Creatures
  A giant cockroach (D:1)
  A goblin (D:1)
2 creatures vanquished.

Table legend: (Time is in decaauts)
 A = Elapsed time spent in this place.
 B = Non-inter-level travel time spent in this place.
 C = Inter-level travel time spent in this place.
 D = Time resting spent in this place.
 E = Time spent auto-exploring this place.
 F = Levels seen in this place.
 G = Mean time per level.
                   A        B        C        D        E       F      G
               +--------+--------+--------+--------+--------+-----+--------+
         Total |     51 |     51 |      0 |      0 |     36 |   1 |   51.0 |
       Dungeon |     51 |     51 |      0 |      0 |     36 |   1 |   51.0 |
               +--------+--------+--------+--------+--------+-----+--------+

Top non-repeatable levels by time:
     D:1: 51 daAuts
